 Dungeon Crawl Stone Soup version 0.29.0-15-g675c0067aa (webtiles) character file.

Game seed: 9173028229311065584

238 qw the Chopper (level 6, -8/38 HPs)
             Began as a Gargoyle Fighter on Sept 12, 2022.
             Killed by divine providence
             ... invoked by an orc priest
              (12 damage)
             ... on level 4 of the Dungeon.
             The game lasted 00:01:08 (3430 turns).

qw the Chopper (Gargoyle Fighter)                   Turns: 3430, Time: 00:01:08

Health: -8/38      AC: 13    Str: 22    XL:     6   Next: 7%
Magic:  6/6        EV:  7    Int:  8    God:
Gold:   197        SH:  4    Dex:  9    Spells: 5/5 levels left

rFire   . . .      SeeInvis .   Y - +0 war axe (vorpal)
rCold   . . .      Faith    .   c - +0 buckler
rNeg    + . .      Spirit   .   m - +0 chain mail
rPois   inf        Reflect  .   (no helmet)
rElec   +          Harm     .   (no cloak)
rCorr   .          Rampage  .   (no gloves)
Will    .....                   (no boots)
Stlth   ..........              (no amulet)
HPRegen 0.12/turn               (no ring)
MPRegen 0.10/turn               (no ring)

@: no status effects
A: sickness immunity, AC +4, negative energy resistance 1, electricity
resistance, torment resistance 1, petrification resistance
a: no special abilities


You were on level 4 of the Dungeon.
You visited 1 branch of the dungeon, and saw 4 of its levels.

You collected 197 gold pieces.


Innate Abilities, Weirdness & Mutations

You are immune to sickness and miasma.
Your stone body is resilient. (AC +4)
You are immune to poison.
You resist negative energy. (rN+)
You are resistant to electric shocks. (rElec)
You are resistant to unholy torment.
You are immune to petrification.


   Skills:
 - Level 4.2 Fighting
 + Level 5.1 Axes
 - Level 3.2 Armour
 - Level 3.2 Shields


You had 5 spell levels left.
You didn't know any spells.
Your spell library was empty.

Inventory:

Hand Weapons
 a - a +0 whip
 Y - a +0 vorpal war axe (weapon)
Armour
 c - a +0 buckler (worn)
 m - a +0 chain mail (worn)
Scrolls
 l - 3 scrolls of blinking
 n - 2 scrolls of identify
Potions
 d - 4 potions of might
 f - a potion of magic {unknown}
 g - a potion of curing
 h - a potion of brilliance {unknown}
 i - a potion of mutation {unknown}
 j - a potion of cancellation {unknown}
 k - a potion of degeneration {unknown}
 o - a potion of attraction {unknown}

Dungeon Overview and Level Annotations

Branches:
Dungeon (4/15)
 Temple: D:4-7

Altars:


Message History

The orc wizard hits you but does no damage.
You slash the orc wizard!
You kill the orc wizard!
You barely miss the orc. The orc barely misses you.
The orc priest invokes the aid of Beogh against you.
Beogh smites you!
Your Fighting skill increases to level 4!
You have reached level 6!
You hit the orc.
The orc is moderately wounded.
You hit the orc but do no damage. The orc hits you but does no damage.
You block the orc's attack. The orc barely misses you.
The orc priest hits you but does no damage.
You block the orc's attack.
You hit the orc.
The orc is heavily wounded.
You hit the orc priest. You hit the orc but do no damage.
The orc hits you but does no damage. x2
The orc priest hits you but does no damage.
You barely miss the orc priest.
The orc priest is heavily wounded.
You hit the orc but do no damage. You hit the orc.
The orc hits you but does no damage. The orc priest hits you with a +0 club.
The orc hits you but does no damage.
You closely miss the orc.
The orc is almost dead.
You hit the orc.
You kill the orc!
You hit the orc priest. You block the orc's attack.
The orc priest hits you with a +0 club.
The orc priest hits you but does no damage.
The orc hits you but does no damage.
You slash the orc!
You kill the orc!
You hit the orc priest but do no damage.
The orc priest calls down the wrath of Beogh upon you.
Beogh smites you!
You die...

.......####...###...........#.
#########
#...............#..#.
#...............##...
#.........#......###.
#.........#......# #.
#.........#......# #.
#................# #.
#.........#......# #.
#..)@............###.
#..o)..............##
......................##
...##########.##......## #.
####......## # ..........#
.####.....## ...........
###########


You could see an orc priest.

Vanquished Creatures
  An ogre (D:3)
  An orc wizard (D:4)
  4 adders
  An ufetubus (D:4)
  A worm (D:3)
  A dart slug (D:1)
  8 orcs
  6 ball pythons
  5 bats
  8 endoplasms
  4 giant cockroaches
  10 goblins
  6 hobgoblins
  11 jackals
  2 quokkas (D:2)
  A frilled lizard (D:1)
  2 kobolds
72 creatures vanquished.

Vanquished Creatures (others)
  A plant (D:1)
1 creature vanquished.

Grand Total: 73 creatures vanquished

Notes
Turn   | Place    | Note
-------+----------+-------------------------------------------
     0 | D:1      | qw the Gargoyle Fighter began the quest for the Orb.
     0 | D:1      | Reached XP level 1. HP: 14/14 MP: 1/1
     0 | D:1      | 0 ||| qw: Version: 0.1-a-119-g272c26d
     0 | D:1      | 0 ||| qw: Game counter: 10882
     0 | D:1      | 0 ||| qw: Always use a shield: true
     0 | D:1      | 0 ||| qw: God list: Okawaru
     0 | D:1      | 0 ||| qw: Allow faded altars: false
     0 | D:1      | 0 ||| qw: Do Orc after D:15 true
     0 | D:1      | 0 ||| qw: Do second Lair branch before Depths: true
     0 | D:1      | 0 ||| qw: Lair rune preference: random
     0 | D:1      | 0 ||| qw: Plans: Normal, Zot, God:TSO, Crypt, Tomb, Pan,
                  | Slime, Hells, Zig, Abyss, Orb
     0 | D:1      | 0 ||| PLANNING D:1-11
   119 | D:1      | Reached skill level 2 in Axes
   194 | D:1      | 194 ||| Stepping ~*~*~tactically~*~*~ (hiding).
   202 | D:1      | Reached XP level 2. HP: 19/19 MP: 2/2
   590 | D:1      | Found a faded altar of an unknown god.
   761 | D:1      | 761 ||| Stepping ~*~*~tactically~*~*~ (stealth).
   764 | D:1      | Reached skill level 3 in Axes
   765 | D:1      | 765 ||| Stepping ~*~*~tactically~*~*~ (stealth).
   766 | D:1      | 766 ||| Stepping ~*~*~tactically~*~*~ (stealth).
   776 | D:1      | Reached XP level 3. HP: 23/23 MP: 3/3
   782 | D:1      | 782 ||| Stepping ~*~*~tactically~*~*~ (stealth).
   783 | D:1      | 783 ||| Stepping ~*~*~tactically~*~*~ (stealth).
   784 | D:1      | 784 ||| Stepping ~*~*~tactically~*~*~ (stealth).
  1053 | D:1      | 1053 ||| UPGRADING to +0 chain mail.
  1063 | D:1      | 1063 ||| DROPPING +0 scale mail.
  1064 | D:1      | 1064 ||| DROPPING ring of wizardry.
  1065 | D:1      | 1065 ||| READING scroll labelled LOCKIT OLEOQA.
  1070 | D:1      | 1070 ||| READING scroll labelled JAYRIAS NAUDGH.
  1071 | D:1      | 1071 ||| READING scroll labelled JALANNYOBU.
  1072 | D:1      | 1072 ||| DRINKING 2 bubbling dark potions.
  1073 | D:1      | 1073 ||| DRINKING 2 smoky sapphire potions.
  1174 | D:1      | 1174 ||| DROPPING potion of ambrosia.
  1222 | D:2      | 1222 ||| STAIRDANCE
  1287 | D:2      | 1287 ||| STAIRDANCE
  1327 | D:2      | 1327 ||| STAIRDANCE
  1454 | D:2      | 1454 ||| DROPPING +0 club.
  1474 | D:2      | 1474 ||| Stepping ~*~*~tactically~*~*~ (stealth).
  1740 | D:2      | Reached XP level 4. HP: 28/28 MP: 4/4
  1772 | D:2      | 1772 ||| STAIRDANCE
  1826 | D:1      | 1826 ||| DROPPING +6 ring of intelligence.
  1827 | D:1      | 1827 ||| READING scroll labelled GAXOLO TOACLOANO.
  1834 | D:2      | 1834 ||| STAIRDANCE
  2082 | D:2      | 2082 ||| READING scroll labelled AMEOME FAIXTIEFE.
  2083 | D:2      | 2083 ||| DRINKING 2 murky brown potions.
  2232 | D:3      | Reached skill level 4 in Axes
  2405 | D:3      | 2405 ||| Stepping ~*~*~tactically~*~*~ (stealth).
  2410 | D:3      | 2410 ||| Stepping ~*~*~tactically~*~*~ (stealth).
  2868 | D:3      | 2868 ||| READING 2 scrolls of identify.
  2868 | D:3      | 2868 ||| IDENTIFYING glowing white potion
  2869 | D:3      | 2869 ||| DROPPING potion of berserk rage.
  2888 | D:4      | Noticed an ogre
  2889 | D:4      | 2889 ||| Stepping ~*~*~tactically~*~*~ (stealth).
  2890 | D:4      | 2890 ||| Stepping ~*~*~tactically~*~*~ (stealth).
  2891 | D:4      | 2891 ||| STAIRDANCE
  2897 | D:4      | 2897 ||| STAIRDANCE
  2901 | D:3      | HP: 7/28 [ogre/+0 giant spiked club (8)]
  2902 | D:3      | 2902 ||| DRINKING potion of heal wounds.
  2904 | D:3      | Killed an ogre
  2905 | D:3      | Reached skill level 5 in Axes
  2905 | D:3      | Reached XP level 5. HP: 19/32 MP: 5/5
  3034 | D:4      | 3034 ||| STAIRDANCE
  3094 | D:4      | 3094 ||| STAIRDANCE
  3425 | D:4      | HP: 5/33 [orc priest/divine providence (14)]
  3426 | D:4      | Reached XP level 6. HP: 5/38 MP: 6/6
  3430 | D:4      | Killed from afar by an orc priest

Levels and vault maps discovered:
D:1:      sevenhm_arrival_forest_fort_small_4, layout_basic,
          shapermc_ecumenical_altar_rom_forum, minmay_quantized
D:2:      layout_rooms, hangedman_decor_growths
D:3:      layout_loops_cross
D:4:      layout_basic

Skill      XL: |  1  2  3  4  5 |
---------------+----------------+-----
Axes           | 2 3 5 |  5.1
Fighting       | 4 |  4.2
Armour         | |  3.2
Shields        | |  3.2

Action                   |  1- 3 |  4- 6 || total
-------------------------+-------+-------++-------
Melee: War axe           |    99 |    84 ||   183
  Use: Scroll            |     3 |     3 ||     6
       Potion            |     2 |     2 ||     4
Armor: Scale mail        |    27 |       ||    27
       Chain mail        |    37 |    75 ||   112
Dodge: Dodged            |    30 |    31 ||    61
Block: Buckler           |    23 |    18 ||    41

Table legend:
 A = Non-vault XP
 B = Vault XP
 C = Vault XP percentage of total XP
 D = Non-vault monster count
 E = Vault monster count
 F = Vault count percentage of total count
                 A         B        C        D         E       F
            +---------+---------+-------+---------+---------+-------
      Total |     333 |      10 |   2.9 |      67 |       5 |   6.9
            +---------+---------+-------+---------+---------+-------
        D:1 |      39 |      10 |  20.4 |      20 |       5 |  20.0
        D:2 |      38 |       0 |   0.0 |      14 |       0 |   0.0
        D:3 |     168 |       0 |   0.0 |      21 |       0 |   0.0
        D:4 |      88 |       0 |   0.0 |      12 |       0 |   0.0
            +---------+---------+-------+---------+---------+-------
